AoeStats
← Noir_Angel

Fortress

509684390Analyzed
2v2 RM · 4d ago on Sep 27, 2026· 115m 45s· 4 players
Game mode
Random Map
Map size
Normal (6 player)
Population
200
Speed
Normal
Resources
Standard
Victory
Conquest
Starting age
Dark Age
Ending age
Imperial Age
RankedLock teamsTeams togetherTeam positionsShared explorationLock speedFull tech treeHidden civsTurbo modeCheats
Victory
Defeat
🇹🇷 Slavs · Türkiye
1140
+17
🇸🇪 Malians · Sweden
1101
+18
🇩🇪 Danes · Germany
1169
-18
🇩🇪 Saxons · Germany
1145
-17
Gkzaim
7:23 Feudal Age
8:23 Horse Collar
9:24 Double-Bit Axe
9:31 Gold Mining
14:31 Castle Age
16:49 Wheelbarrow
18:22 Scale Barding Armor
18:27 Forging
21:03 Gold Shaft Mining
21:11 Bloodlines
23:06 Chain Barding Armor
23:21 Heavy Plow
23:21 Stone Mining
26:11 Imperial Age
27:36 Loom
27:57 Elite Boyar
28:45 Detinets
29:31 Plate Barding Armor
29:32 Iron Casting
29:16 Elite Boyar
30:50 Conscription
34:08 Blast Furnace
36:56 Husbandry
50:36 Chemistry
49:57 Ballistics
52:57 Bow Saw
53:24 Squires
52:45 Man-at-Arms
53:34 Scale Mail Armor
54:08 Heavy Scorpion
59:32 Siege Engineers
58:53 Long Swordsman
61:45 Two-Handed Swordsman
64:10 Chain Mail Armor
63:30 Champion
64:51 Pikeman
66:22 Halberdier
66:32 Halberdier
76:04 Murder Holes
77:49 Caravan
82:09 Plate Mail Armor
83:21 Light Cavalry
99:22 Hussar
105:17 Hand Cart
Bulbu
1:14 Loom
8:48 Feudal Age
14:20 Castle Age
12:09 Double-Bit Axe
12:34 Horse Collar
12:58 Town Watch
14:18 Fletching
15:20 Bow Saw
16:22 Scale Mail Armor
16:33 Forging
17:01 Wheelbarrow
16:58 Bloodlines
20:08 Arson
22:07 Iron Casting
22:42 Squires
25:28 Chain Mail Armor
27:15 Scale Barding Armor
28:15 Husbandry
29:16 Light Cavalry
30:05 Gold Mining
33:51 Imperial Age
31:04 Pikeman
32:13 Chain Barding Armor
33:17 Fortified Wall
34:27 Hand Cart
34:20 Heavy Plow
35:05 Conscription
34:18 Capped Ram
35:20 Farimba
36:25 Plate Barding Armor
39:11 Plate Mail Armor
39:03 Man-at-Arms
39:37 Long Swordsman
40:38 Two-Handed Swordsman
43:45 Tigui
47:02 Champion
52:04 Ballistics
74:01 Stone Mining
78:41 Stone Shaft Mining
80:15 Chemistry
84:48 Padded Archer Armor
93:30 Thumb Ring
95:19 Bodkin Arrow
115:42 Caravan
Noir_Angel
7:47 Feudal Age
6:43 Loom
11:41 Castle Age
9:48 Double-Bit Axe
9:45 Horse Collar
13:32 Heavy Plow
13:49 Bow Saw
21:36 Scale Mail Armor
21:46 Forging
22:59 Fletching
23:25 Chain Mail Armor
23:45 Iron Casting
25:18 Squires
25:03 Gambesons
25:06 Arson
30:46 Imperial Age
28:51 Wheelbarrow
28:02 Town Watch
29:04 Town Patrol
29:26 Heavy Plow
30:34 Hamask
31:56 Conscription
32:08 Bodkin Arrow
33:08 Hoardings
32:48 Gold Mining
32:53 Stone Mining
34:33 Masonry
34:28 Siege Engineers
35:27 Bracer
36:28 Blast Furnace
36:08 Pikeman
Mann aus Sachsen
7:32 Feudal Age
8:17 Double-Bit Axe
11:01 Castle Age
8:53 Horse Collar
10:01 Arson
10:44 Scale Mail Armor
12:10 Bow Saw
20:09 Fletching
21:40 Bodkin Arrow
22:01 Bloodlines
22:48 Husbandry
22:49 Padded Archer Armor
22:43 Loom
25:17 Leather Archer Armor
28:54 Imperial Age
27:00 Wheelbarrow
26:46 Thumb Ring
27:14 Town Watch
28:11 Chain Mail Armor
30:10 Ring Archer Armor
29:42 Bracer
29:05 Heavy Mounted Crossbowman
29:06 Cranequins
30:24 Conscription
30:55 Ring Archer Armor
31:13 Ballistics
31:38 Plate Mail Armor
30:31 Elite Varangian Guard
31:48 Town Patrol
32:20 Forging
31:33 Shield Wall
33:45 Squires
33:33 Gambesons
35:28 Chemistry
34:40 Masonry
35:07 Iron Casting
39:31 Pikeman
41:27 Two-Man Saw
40:29 Heavy Plow
40:52 Halberdier
50:17 Stone Mining
50:27 Heavy Scorpion
50:32 Light Cavalry
57:44 Scale Barding Armor
58:54 Chain Barding Armor
58:43 Hussar
77:01 Crop Rotation
76:51 Fortified Wall
82:23 Gold Mining
88:27 Guard Tower
116:21 Gold Shaft Mining
Connection lost

Rejoining the realm…

Still unreachable

The connection could not be restored.

Session expired

The server has moved on; the page needs a fresh start.